 Dungeon Crawl Stone Soup version 0.17-a0-1979-g1c74939 (webtiles) character file.

27 SlimeFever the Ducker (level 2, 0/11 HPs)
             Began as a Felid Air Elementalist on Oct 5, 2015.
             Succumbed to Sigmund's poison
             ... on level 2 of the Dungeon.
             The game lasted 00:12:20 (918 turns).

SlimeFever the Ducker (Felid Air Elementalist)       Turns: 918, Time: 00:12:21

Health: 0/11       AC:  1    Str:  4    XL:     2   Next: 93%
Magic:  1/6        EV: 19    Int: 16    God:
Gold:   30         SH:  0    Dex: 16    Spells: 2 memorised, 2 levels left
                                        Lives:  0   Deaths: 0

rFire  . . .     SeeInvis +     (weapon unavailable)
rCold  . . .     Clarity  .     (armour unavailable)
rNeg   . . .     SustAt   .     (shield unavailable)
rPois  .         Gourm    .     (helmet unavailable)
rElec  .         Spirit   .     (cloak unavailable)
rCorr  .         Warding  .     (gloves unavailable)
rMut   .         Stasis   .     (boots unavailable)
MR     .....                    (no amulet)
Stlth  +++.......               (no ring)
                                (no ring)

@: lethally poisoned (0 -> -19), sluggish, very slightly contaminated, slow, not
resistant to hostile enchantments, fairly stealthy
A: no armour, no weapons or thrown items, claws 1, fangs 3, see invisible,
carnivore 3, speed 1, shaggy fur 1, slow metabolism 1, sharp paws
a: no special abilities


You were on level 2 of the Dungeon.
You were not hungry.

You visited 1 branch of the dungeon, and saw 2 of its levels.

You collected 30 gold pieces.

Inventory:

Scrolls
 c - a scroll of noise {unknown}
Potions
 d - a potion of might {unknown}
 e - a potion of curing {unknown}
Books
 a - a book of Air

   Spells                             Type                      Level
   a - Shock                          Conjuration/Air              1
   b - Swiftness                      Charms/Air                   2
   c - Repel Missiles                 Charms/Air                   2
   d - Static Discharge               Conjuration/Air              3
   e - Lightning Bolt                 Conjuration/Air              5
Comestibles
 b - a meat ration


   Skills:
 * Level 3.6 Dodging
 * Level 3.1 Stealth
 + Level 2.0 Spellcasting
 + Level 0.8 Conjurations
 * Level 3.1 Air Magic


You had 2 spell levels left.
You knew the following spells:

 Your Spells              Type           Power        Failure   Level  Hunger
a - Shock                 Conj/Air       #...         10%         1    #......
b - Swiftness             Chrm/Air       #.......     17%         2    ###....


Dungeon Overview and Level Annotations

Branches:
Dungeon (2/15)

Altars:

Annotations:
D:2 Sigmund


Innate Abilities, Weirdness & Mutations

You cannot wear armour.
You are incapable of wielding weapons or throwing items.
You have sharp claws.
You have razor-sharp teeth.
You have supernaturally acute eyesight.
You are carnivorous and can eat meat at any time.
You cover ground quickly.
You are covered in fur (AC +1).
You have a slow metabolism.
Your sharp claws are effective at attacking unaware monsters.


Message History

Sigmund misses you.
You closely miss Sigmund.
Sigmund is moderately wounded.
You scratch Sigmund but do no damage.
Sigmund is moderately wounded.
You start to feel a little faster.
Sigmund casts a spell at you. The magic dart hits you!
Ouch! That really hurt!
You scratch Sigmund.
Sigmund is moderately wounded.
Sigmund misses you.
You scratch Sigmund.
Sigmund is moderately wounded.
Sigmund hits you with a scythe of venom.
* * * LOW HITPOINT WARNING * * *
You are lethally poisoned!
You closely miss Sigmund. Your bite misses Sigmund.
Sigmund is moderately wounded.
You die...

##############
........@@...#
.###...#####.#
#....'.@.#.#
.......###.#.#
####...#...@.#
#####.#.###
###.#.#
#...#.#
#...+..


You could see Sigmund.

Vanquished Creatures
  A giant gecko (D:1)
  3 ball pythons (D:1)
  4 giant cockroaches (D:1)
  2 hobgoblins (D:1)
  4 bats (D:1)
  3 goblins (D:1)
  2 kobolds (D:1)
  7 rats (D:1)
26 creatures vanquished.

Notes
Turn   | Place    | Note
--------------------------------------------------------------
     0 | D:1      | SlimeFever the Felid Air Elementalist began the quest for the Orb.
     0 | D:1      | Reached XP level 1. HP: 7/7 MP: 4/4
   174 | D:1      | Reached skill level 3 in Air Magic
   216 | D:1      | Reached XP level 2. HP: 7/11 MP: 6/6
   478 | D:1      | Learned a level 2 spell: Swiftness
   886 | D:2      | Noticed Sigmund
   918 | D:2      | Succumbed to Sigmund's poison

Vault maps used:
D:1:      lightli_arrival_flooded_house
D:2:      uniq_iyjb, uniq_natasha, uniq_sigmund

Action                   || total
-------------------------++-------
Melee: Unarmed           ||    66
 Cast: Shock             ||    20
       Swiftness         ||     1
  Use: Scroll            ||     3
 Stab: Sleeping          ||     8
